Capitals vs Sharks
Created - April 14, 2021 at 20:08
Goals
|
| Capitals |
1 |
1 |
1 |
3 |
| Sharks |
1 |
0 |
0 |
1 |
|
Shots
|
| Capitals |
13 |
10 |
8 |
31 |
| Sharks |
7 |
7 |
12 |
26 |
|
1st period
1. Sharks , Milan Michalek 16 (Brandon Dubinsky 21, Tyler Cuma 20) at 0:51
2. Capitals , Patrick Sharp 27 (Ryan Nugent-Hopkins 17, Mike Green 24) at 10:23 (PP)
Penalties :
Nick Palmieri (SJS) for Holding (Minor) at 10:12, Ryan Nugent-Hopkins (Was) for Holding (Minor) at 17:23
2nd period
3. Capitals , Ryan Nugent-Hopkins 12 (Jason Pominville 27, Jamie Benn 20) at 7:38
Penalties :
Ryan Suter (Was) for Hooking (Minor) at 1:32, Luke Adam (SJS) for Tripping (Minor) at 4:09, Zach Boychuk (SJS) for Roughing (Minor) at 9:25, Mikko Koivu (Was) for Hooking (Minor) at 12:13, Brayden McNabb (SJS) for Hooking (Minor) at 16:36
3rd period
4. Capitals , Clarke MacArthur 10 (Mikko Koivu 14, Joe Pavelski 41) at 15:04
Penalties :
Derek Roy (Was) for Delaying the game (Minor) at 1:43, Jamie Benn (Was) for Tripping (Minor) at 5:17
Goalie Stats
Keith Kinkaid (Was), 25 saves from 26 shots - (0.962), W, 11-9-2, 60:00 minutes
Ryan Miller (SJS), 28 saves from 31 shots - (0.903), L, 32-21-11, 60:00 minutes
Players Stats for Capitals
Player Name G A P +/- PIM S H SB GA TA FO MP PP MP PK MP
------------------------------------------------------------------------------------
Alexander Steen 0 0 0 0 0 1 1 0 0 0 0/0 10:29 0:13 1:52
Brent Burns 0 0 0 0 0 1 2 4 0 1 0/0 23:32 0:00 5:40
Clarke MacArthur 1 0 1 0 0 2 0 0 0 0 0/0 11:52 3:50 0:00
Derek Roy 0 0 0 0 2 3 2 1 1 0 10/24 20:28 3:02 2:44
Duncan Keith 0 0 0 0 0 0 0 3 0 0 0/0 18:02 2:18 0:37
Dustin Brown 0 0 0 0 0 0 1 0 0 0 1/3 11:18 0:13 2:58
Jamie Benn 0 1 1 1 2 1 0 0 0 1 1/1 16:18 3:02 0:00
Jason Pominville 0 1 1 1 0 1 2 2 0 0 0/0 16:19 3:02 0:00
Joe Pavelski 0 1 1 0 0 1 1 0 0 0 1/1 13:04 0:00 5:05
Marc-Édouard Vlasic 0 0 0 1 0 0 0 0 1 0 0/0 10:56 0:00 0:02
Mike Green 0 1 1 0 0 2 2 3 0 0 0/0 27:18 3:50 5:17
Mikko Koivu 0 1 1 0 2 1 1 0 1 0 2/4 11:03 2:18 0:19
Patrick Sharp 1 0 1 0 0 5 2 0 0 0 0/0 17:10 2:53 0:00
Ryan Getzlaf 0 0 0 0 0 4 1 1 0 0 3/12 13:19 0:09 5:00
Ryan Nugent-Hopkins 1 1 2 1 2 6 0 0 1 1 8/17 18:09 2:57 1:52
Ryan Suter 0 0 0 1 2 1 1 0 0 0 0/0 14:22 0:00 3:38
T.J. Oshie 0 0 0 0 0 0 1 0 0 0 1/1 17:10 2:53 0:00
Trevor Daley 0 0 0 0 0 2 0 1 0 0 0/0 19:11 0:00 4:36
Players Stats for Sharks
Player Name G A P +/- PIM S H SB GA TA FO MP PP MP PK MP
------------------------------------------------------------------------------------
Andrej Sekera 0 0 0 0 0 1 1 0 0 0 0/0 9:45 0:00 0:00
Bobby Butler 0 0 0 1 0 2 1 0 0 0 0/0 13:02 0:15 0:00
Boone Jenner 0 0 0 0 0 0 0 0 0 0 1/2 6:17 0:00 0:15
Brandon Dubinsky 0 1 1 -1 0 3 1 0 0 1 0/1 22:16 4:35 2:27
Brayden McNabb 0 0 0 0 2 0 0 0 0 0 0/0 10:04 0:00 0:00
David Rundblad 0 0 0 0 0 0 0 0 0 0 0/0 1:26 0:00 0:00
Drew Doughty 0 0 0 -1 0 4 0 1 1 0 0/0 28:41 6:10 3:35
Jason Spezza 0 0 0 -1 0 4 1 0 1 0 18/29 24:01 4:59 3:32
Karl Alzner 0 0 0 0 0 1 2 0 0 1 0/0 21:34 3:45 2:33
Luke Adam 0 0 0 1 2 0 0 0 0 2 5/11 12:49 0:00 0:00
Mike Cammalleri 0 0 0 -1 0 0 2 0 0 0 3/4 22:12 4:58 1:30
Milan Michalek 1 0 1 1 0 2 0 0 0 0 0/1 13:15 0:42 0:00
Nick Palmieri 0 0 0 -1 2 3 2 0 0 0 3/4 24:05 5:06 3:21
Oskar Osala 0 0 0 -1 0 2 2 0 0 0 0/0 14:00 4:35 0:00
PK Subban 0 0 0 -1 0 0 1 0 0 0 0/0 27:15 6:10 3:35
T.J. Hensick 0 0 0 -1 0 0 2 1 1 0 6/11 14:00 4:35 0:00
Tyler Cuma 0 1 1 0 0 3 0 3 0 0 0/0 21:34 3:45 2:33
Zach Boychuk 0 0 0 0 2 1 0 0 0 0 0/0 7:32 0:00 1:11
3 Stars
1 - Keith Kinkaid (Was)
2 - Ryan Nugent-Hopkins (Was)
3 - Patrick Sharp (Was)
Power Play
Capitals - 1 on 4 Attempt(s) - 25.00%
Sharks - 0 on 5 Attempt(s) - 0.00%
Penalty Kill
Capitals - 5 on 5 Attempt(s) - 100.00%
- Score 0 goal in Penalty Kill
Sharks - 3 on 4 Attempt(s) - 75.00%
- Score 0 goal in Penalty Kill
Team Stat
Capitals - Hits : 17 - Faceoff Wins : 27 - Blocked Shots : 15 - Penalty Minutes : 10
Sharks - Hits : 15 - Faceoff Wins : 36 - Blocked Shots : 5 - Penalty Minutes : 8
Official
Referees : Unknown
Linesman : Unknown
Game Notes
No Game Note
Finance
Level 1 -- Attendance: 4383 (73.05%) -- Ticket Income $504,045
Level 2 -- Attendance: 3734 (74.68%) -- Ticket Income $280,050
Level 3 -- Attendance: 1346 (67.30%) -- Ticket Income $67,300
Level 4 -- Attendance: 3334 (83.35%) -- Ticket Income $100,020
Luxury Box -- Attendance: 696 (69.60%) -- Ticket Income $146,160
Game was played at the Hockey Place Center.
Total Attendance: 13493 (74.96%)
Total Ticket Income: $1,097,575
Other Income: $164,636
Total Income: $1,262,211
Capitals
5 vs 5 Forward
Center Left Wing Right Wing Time % Phy DF OF
1 Derek Roy Patrick Sharp T.J. Oshie 40 0 1 4
2 Ryan Nugent-Hopkins Jamie Benn Jason Pominville 30 1 1 3
3 Mikko Koivu Clarke MacArthur Joe Pavelski 15 1 2 2
4 Ryan Getzlaf Alexander Steen Dustin Brown 15 1 3 1
5 vs 5 Defense
Defense Defense Time % Phy DF OF
1 Mike Green Brent Burns 40 1 2 2
2 Duncan Keith Trevor Daley 30 1 2 2
3 Marc-Édouard Vlasic Ryan Suter 20 2 3 0
4 Brent Burns Mike Green 10 2 2 1
PowerPlay Forward
Center Left Wing Right Wing Time % Phy DF OF
1 Ryan Nugent-Hopkins Patrick Sharp T.J. Oshie 60 1 1 3
2 Derek Roy Jamie Benn Jason Pominville 40 1 1 3
PowerPlay Defense
Defense Defense Time % Phy DF OF
1 Mike Green Clarke MacArthur 60 0 1 4
2 Duncan Keith Mikko Koivu 40 0 2 3
Penalty Kill 4 Players Forward
Center Wing Time % Phy DF OF
1 Ryan Getzlaf Joe Pavelski 60 1 4 0
2 Derek Roy Dustin Brown 40 1 4 0
Penalty Kill 4 Players Defense
Defense Defense Time % Phy DF OF
1 Mike Green Brent Burns 60 2 3 0
2 Trevor Daley Ryan Suter 40 2 3 0
Penalty Kill - 3 Players Forward
Forward Time % Phy DF OF
1 Ryan Getzlaf 60 0 5 0
2 Joe Pavelski 40 0 5 0
Penalty Kill - 3 Players Defense
Defense Defense Time % Phy DF OF
1 Mike Green Brent Burns 60 1 4 0
2 Trevor Daley Ryan Suter 40 1 4 0
4 vs 4 Forward
Center Wing Time % Phy DF OF
1 Derek Roy Patrick Sharp 60 0 1 4
2 Ryan Nugent-Hopkins T.J. Oshie 40 0 1 4
4 vs 4 Defense
Defense Defense Time % Phy DF OF
1 Mike Green Brent Burns 60 1 2 2
2 Duncan Keith Marc-Édouard Vlasic 40 1 2 2
Last Minutes Offensive
Center Left Wing Right Wing Defense Defense
Derek Roy Patrick Sharp T.J. Oshie Mike Green Clarke MacArthur
Last Minutes Defensive
Center Left Wing Right Wing Defense Defense
Ryan Getzlaf Jamie Benn Joe Pavelski Mike Green Brent Burns
Goaltenders
Starting : Keith Kinkaid
Backup : Marc-André Fleury
Extra Forwards
Normal : Patrick Sharp, T.J. Oshie, Clarke MacArthur - PP : Patrick Sharp, T.J. Oshie - PK : Ryan Getzlaf
Extra Defensemen
Normal : Mike Green, Brent Burns, Duncan Keith - PP : Mike Green - PK : Mike Green, Brent Burns
Penalty Shots
Mike Green, Patrick Sharp, T.J. Oshie, Clarke MacArthur, Jamie Benn
Scratches
Jared Spurgeon (Healthy)
Sharks
5 vs 5 Forward
Center Left Wing Right Wing Time % Phy DF OF
1 Jason Spezza Mike Cammalleri Nick Palmieri 40 1 2 2
2 T.J. Hensick Brandon Dubinsky Oskar Osala 30 1 2 2
3 Luke Adam Milan Michalek Bobby Butler 20 1 2 2
4 Boone Jenner Zach Boychuk Brandon Dubinsky 10 1 2 2
5 vs 5 Defense
Defense Defense Time % Phy DF OF
1 Drew Doughty PK Subban 40 1 2 2
2 Tyler Cuma Karl Alzner 30 1 2 2
3 Andrej Sekera Brayden McNabb 20 1 2 2
4 David Rundblad Drew Doughty 10 1 2 2
PowerPlay Forward
Center Left Wing Right Wing Time % Phy DF OF
1 Jason Spezza Mike Cammalleri Nick Palmieri 60 1 1 3
2 T.J. Hensick Brandon Dubinsky Oskar Osala 40 1 1 3
PowerPlay Defense
Defense Defense Time % Phy DF OF
1 Drew Doughty PK Subban 60 1 1 3
2 Tyler Cuma Karl Alzner 40 1 1 3
Penalty Kill 4 Players Forward
Center Wing Time % Phy DF OF
1 Jason Spezza Nick Palmieri 60 1 4 0
2 Mike Cammalleri Brandon Dubinsky 40 1 4 0
Penalty Kill 4 Players Defense
Defense Defense Time % Phy DF OF
1 Drew Doughty PK Subban 60 1 4 0
2 Tyler Cuma Karl Alzner 40 1 4 0
Penalty Kill - 3 Players Forward
Forward Time % Phy DF OF
1 Jason Spezza 60 1 4 0
2 Nick Palmieri 40 1 4 0
Penalty Kill - 3 Players Defense
Defense Defense Time % Phy DF OF
1 Drew Doughty PK Subban 60 1 4 0
2 Tyler Cuma Karl Alzner 40 1 4 0
4 vs 4 Forward
Center Wing Time % Phy DF OF
1 Jason Spezza Nick Palmieri 60 1 2 2
2 Mike Cammalleri Brandon Dubinsky 40 1 2 2
4 vs 4 Defense
Defense Defense Time % Phy DF OF
1 Drew Doughty PK Subban 60 1 2 2
2 Tyler Cuma Karl Alzner 40 1 2 2
Last Minutes Offensive
Center Left Wing Right Wing Defense Defense
Jason Spezza Mike Cammalleri Nick Palmieri Drew Doughty PK Subban
Last Minutes Defensive
Center Left Wing Right Wing Defense Defense
Jason Spezza Mike Cammalleri Nick Palmieri Drew Doughty PK Subban
Goaltenders
Starting : Ryan Miller
Backup : Antti Niemi
Extra Forwards
Normal : Milan Michalek, Bobby Butler, Zach Boychuk - PP : Milan Michalek, Bobby Butler - PK : Zach Boychuk
Extra Defensemen
Normal : Andrej Sekera, Brayden McNabb, David Rundblad - PP : Andrej Sekera - PK : David Rundblad, Brayden McNabb
Penalty Shots
Jason Spezza, Nick Palmieri, Mike Cammalleri, Brandon Dubinsky, Milan Michalek
Scratches
Jiri Tlusty (Broken Ribs Injury)
% Time on Ice - Capitals
Lines # - Real PCT - Wanted PCT - Time Play
Normal Forward
1 - 34% - 40% - 15:09
2 - 30% - 30% - 13:17
3 - 18% - 15% - 7:43
4 - 18% - 15% - 7:48
Normal Defense
1 - 40% - 40% - 17:23
2 - 34% - 30% - 14:52
3 - 23% - 20% - 10:16
4 - 3% - 10% - 1:26
PP Forward
1 - 51% - 60% - 3:06
2 - 49% - 40% - 3:02
PP Defense
1 - 63% - 60% - 3:50
2 - 38% - 40% - 2:18
PK Forward
1 - 70% - 60% - 6:57
2 - 30% - 40% - 2:58
PK Defense
1 - 54% - 60% - 5:19
2 - 46% - 40% - 4:36
PK3 Forward
1 - 0% - 60%
2 - 0% - 40%
PK3 Defense
1 - 0% - 60%
2 - 0% - 40%
44 Forward
1 - 0% - 60%
2 - 0% - 40%
44 Defense
1 - 0% - 60%
2 - 0% - 40%
Last Minute Offensive - 0:00
Last Minute Defensive - 0:00
Total
Forward - 60:00
Defense - 60:00
|
% Time on Ice - Sharks
Lines # - Real PCT - Wanted PCT - Time Play
Normal Forward
1 - 35% - 40% - 15:36
2 - 23% - 30% - 10:02
3 - 28% - 20% - 12:17
4 - 14% - 10% - 6:02
Normal Defense
1 - 40% - 40% - 17:30
2 - 35% - 30% - 15:16
3 - 22% - 20% - 9:45
4 - 3% - 10% - 1:26
PP Forward
1 - 54% - 60% - 5:20
2 - 46% - 40% - 4:35
PP Defense
1 - 62% - 60% - 6:10
2 - 38% - 40% - 3:45
PK Forward
1 - 78% - 60% - 4:47
2 - 22% - 40% - 1:21
PK Defense
1 - 58% - 60% - 3:35
2 - 42% - 40% - 2:33
PK3 Forward
1 - 0% - 60%
2 - 0% - 40%
PK3 Defense
1 - 0% - 60%
2 - 0% - 40%
44 Forward
1 - 0% - 60%
2 - 0% - 40%
44 Defense
1 - 0% - 60%
2 - 0% - 40%
Last Minute Offensive - 0:00
Last Minute Defensive - 0:00
Total
Forward - 60:00
Defense - 60:00
|
Play-by-Play
1st period
0:01 of 1st period - Mike Cammalleri wins face-off versus Derek Roy in neutral zone.
0:26 of 1st period - Jason Pominville is hit by T.J. Hensick and loses puck.
0:49 of 1st period - Wrist shot by Brandon Dubinsky.
0:49 of 1st period - Stopped by Keith Kinkaid with a rebound.
0:51 of 1st period - Wrist shot by Milan Michalek.
0:51 of 1st period - Goal by Milan Michalek - Capitals : 0 - Sharks : 1.
0:52 of 1st period - Boone Jenner wins face-off versus Dustin Brown in neutral zone.
1:22 of 1st period - Slapshot by Duncan Keith.
1:22 of 1st period - Shot Misses the Net.
1:45 of 1st period - Icing by Ryan Nugent-Hopkins.
1:46 of 1st period - Ryan Nugent-Hopkins wins face-off versus T.J. Hensick in Capitals zone.
1:55 of 1st period - Slapshot by Drew Doughty.
1:55 of 1st period - Stopped by Keith Kinkaid with a rebound.
2:19 of 1st period - Backhand shot by Ryan Nugent-Hopkins.
2:19 of 1st period - Shot Misses the Net.
2:47 of 1st period - Wrist shot by Jason Pominville.
2:47 of 1st period - Shot Blocked by Drew Doughty.
2:49 of 1st period - Wrist shot by Jamie Benn.
2:49 of 1st period - Stopped by Ryan Miller with a rebound.
2:51 of 1st period - Slapshot by Trevor Daley.
2:51 of 1st period - Stopped by Ryan Miller with a rebound.
2:53 of 1st period - Wrist shot by Jamie Benn.
2:53 of 1st period - Shot Misses the Net.
2:55 of 1st period - Slapshot by Trevor Daley.
2:55 of 1st period - Stopped by Ryan Miller with a rebound.
2:57 of 1st period - Slapshot by Jason Pominville.
2:57 of 1st period - Shot Blocked by T.J. Hensick.
3:05 of 1st period - Slapshot by Jamie Benn.
3:05 of 1st period - Shot Misses the Net.
3:07 of 1st period - Slapshot by Trevor Daley.
3:07 of 1st period - Shot Misses the Net.
3:09 of 1st period - Snap shot by Jason Pominville.
3:09 of 1st period - Shot Misses the Net.
3:11 of 1st period - Wrist shot by Ryan Nugent-Hopkins.
3:11 of 1st period - Stopped by Ryan Miller without a rebound.
3:12 of 1st period - Derek Roy wins face-off versus Jason Spezza in Sharks zone.
3:15 of 1st period - Snap shot by Patrick Sharp.
3:15 of 1st period - Shot Misses the Net.
3:17 of 1st period - Wrist shot by Mike Green.
3:17 of 1st period - Stopped by Ryan Miller with a rebound.
3:25 of 1st period - Snap shot by Derek Roy.
3:25 of 1st period - Stopped by Ryan Miller without a rebound.
3:26 of 1st period - T.J. Oshie wins face-off versus Jason Spezza in Sharks zone.
3:37 of 1st period - Wrist shot by Derek Roy.
3:37 of 1st period - Deflect By T.J. Oshie.
3:37 of 1st period - Shot Misses the Net.
3:37 of 1st period - Puck is out of play.
3:38 of 1st period - Mikko Koivu wins face-off versus Luke Adam in Sharks zone.
3:47 of 1st period - Wrist shot by Bobby Butler.
3:47 of 1st period - Shot Blocked by Mike Green.
4:05 of 1st period - Brent Burns is hit by Jason Spezza and loses puck.
4:28 of 1st period - Snap shot by Marc-Édouard Vlasic.
4:28 of 1st period - Shot Blocked by Tyler Cuma.
4:30 of 1st period - Slapshot by Marc-Édouard Vlasic.
4:30 of 1st period - Shot Misses the Net.
4:51 of 1st period - Slapshot by Milan Michalek.
4:51 of 1st period - Shot Misses the Net.
5:09 of 1st period - Snap shot by Nick Palmieri.
5:09 of 1st period - Shot Blocked by Brent Burns.
5:20 of 1st period - Icing by Jason Spezza.
5:21 of 1st period - Ryan Nugent-Hopkins wins face-off versus Jason Spezza in Sharks zone.
6:33 of 1st period - Drew Doughty is hit by Ryan Suter and loses puck.
6:48 of 1st period - Slapshot by Marc-Édouard Vlasic.
6:48 of 1st period - Shot Misses the Net.
6:52 of 1st period - Snap shot by Ryan Getzlaf.
6:52 of 1st period - Stopped by Ryan Miller without a rebound.
6:53 of 1st period - Jason Spezza wins face-off versus Derek Roy in Sharks zone.
7:23 of 1st period - Milan Michalek is hit by Joe Pavelski.
7:58 of 1st period - Jason Pominville is hit by Mike Cammalleri.
8:44 of 1st period - Trevor Daley is hit by Brandon Dubinsky and loses puck.
8:57 of 1st period - Snap shot by Jason Spezza.
8:57 of 1st period - Stopped by Keith Kinkaid with a rebound.
8:59 of 1st period - Slapshot by Tyler Cuma.
8:59 of 1st period - Shot Misses the Net.
9:57 of 1st period - Snap shot by Joe Pavelski.
9:57 of 1st period - Stopped by Ryan Miller without a rebound.
9:58 of 1st period - Joe Pavelski wins face-off versus Jason Spezza in Sharks zone.
10:12 of 1st period - Minor Penalty to Nick Palmieri for Holding.
10:13 of 1st period - Jason Spezza wins face-off versus Ryan Nugent-Hopkins in Sharks zone.
10:23 of 1st period - Slapshot by Patrick Sharp.
10:23 of 1st period - Goal by Patrick Sharp - Capitals : 1 - Sharks : 1.
10:24 of 1st period - Derek Roy wins face-off versus Jason Spezza in neutral zone.
10:27 of 1st period - Slapshot by Brent Burns.
10:27 of 1st period - Stopped by Ryan Miller with a rebound.
10:37 of 1st period - Wrist shot by Nick Palmieri.
10:37 of 1st period - Shot Misses the Net.
10:39 of 1st period - Wrist shot by Mike Cammalleri.
10:39 of 1st period - Shot Misses the Net.
11:00 of 1st period - Mike Green is hit by Oskar Osala and loses puck.
11:13 of 1st period - Slapshot by Bobby Butler.
11:13 of 1st period - Stopped by Keith Kinkaid without a rebound.
11:14 of 1st period - Luke Adam wins face-off versus Ryan Getzlaf in Capitals zone.
11:20 of 1st period - Snap shot by Andrej Sekera.
11:20 of 1st period - Shot Misses the Net.
11:33 of 1st period - Icing by Ryan Getzlaf.
11:34 of 1st period - Jason Spezza wins face-off versus Ryan Getzlaf in Capitals zone.
12:17 of 1st period - PK Subban is hit by Brent Burns and loses puck.
12:34 of 1st period - Snap shot by Drew Doughty.
12:34 of 1st period - Shot Blocked by Brent Burns.
13:06 of 1st period - Tyler Cuma is hit by Derek Roy and loses puck.
13:37 of 1st period - Wrist shot by Jason Pominville.
13:37 of 1st period - Shot Misses the Net.
14:48 of 1st period - Wrist shot by Jason Pominville.
14:48 of 1st period - Stopped by Ryan Miller without a rebound.
14:49 of 1st period - Luke Adam wins face-off versus Derek Roy in Sharks zone.
15:16 of 1st period - Brent Burns is hit by Nick Palmieri and loses puck.
16:02 of 1st period - Snap shot by Luke Adam.
16:02 of 1st period - Shot Misses the Net.
16:26 of 1st period - Wrist shot by Jason Spezza.
16:26 of 1st period - Stopped by Keith Kinkaid without a rebound.
16:27 of 1st period - Ryan Nugent-Hopkins wins face-off versus Jason Spezza in Capitals zone.
16:36 of 1st period - Wrist shot by Ryan Nugent-Hopkins.
16:36 of 1st period - Stopped by Ryan Miller without a rebound.
16:37 of 1st period - Nick Palmieri wins face-off versus Ryan Nugent-Hopkins in Sharks zone.
17:21 of 1st period - Slapshot by Jason Spezza.
17:21 of 1st period - Stopped by Keith Kinkaid with a rebound.
17:23 of 1st period - Minor Penalty to Ryan Nugent-Hopkins for Holding.
17:24 of 1st period - Ryan Getzlaf wins face-off versus T.J. Hensick in Capitals zone.
17:35 of 1st period - Slapshot by Drew Doughty.
17:35 of 1st period - Shot Misses the Net.
17:37 of 1st period - Wrist shot by PK Subban.
17:37 of 1st period - Shot Misses the Net.
19:07 of 1st period - Trevor Daley is hit by Bobby Butler and loses puck.
19:20 of 1st period - Slapshot by Trevor Daley.
19:20 of 1st period - Shot Misses the Net.
19:23 of 1st period - Penalty to Ryan Nugent-Hopkins is over, Ryan Nugent-Hopkins is back on ice.
19:42 of 1st period - Slapshot by Patrick Sharp.
19:42 of 1st period - Stopped by Ryan Miller with a rebound.
Goals for this period are 1 for Capitals vs 1 for Sharks.
Shots for this period are 13 for Capitals vs 7 for Sharks.
2nd period
0:01 of 2nd period - Derek Roy wins face-off versus T.J. Hensick in neutral zone.
0:26 of 2nd period - Jason Spezza is hit by Jason Pominville and loses puck.
0:35 of 2nd period - Snap shot by Nick Palmieri.
0:35 of 2nd period - Shot Misses the Net.
0:53 of 2nd period - Wrist shot by Brent Burns.
0:53 of 2nd period - Shot Misses the Net.
0:55 of 2nd period - Wrist shot by Ryan Getzlaf.
0:55 of 2nd period - Stopped by Ryan Miller with a rebound.
1:07 of 2nd period - Snap shot by Zach Boychuk.
1:07 of 2nd period - Stopped by Keith Kinkaid with a rebound.
1:18 of 2nd period - Off-side.
1:19 of 2nd period - Jason Spezza wins face-off versus Derek Roy in neutral zone.
1:32 of 2nd period - Minor Penalty to Ryan Suter for Hooking.
1:33 of 2nd period - Jason Spezza wins face-off versus Ryan Getzlaf in Capitals zone.
2:08 of 2nd period - Snap shot by Brandon Dubinsky.
2:08 of 2nd period - Shot Blocked by Brent Burns.
3:17 of 2nd period - Icing by PK Subban.
3:18 of 2nd period - T.J. Hensick wins face-off versus Derek Roy in Sharks zone.
3:32 of 2nd period - Penalty to Ryan Suter is over, Ryan Suter is back on ice.
3:37 of 2nd period - Snap shot by Joe Pavelski.
3:37 of 2nd period - Deflect By Ryan Getzlaf.
3:37 of 2nd period - Shot Misses the Net.
3:37 of 2nd period - Puck is out of play.
3:38 of 2nd period - Derek Roy wins face-off versus Jason Spezza in Sharks zone.
4:09 of 2nd period - Minor Penalty to Luke Adam for Tripping.
4:10 of 2nd period - Jason Spezza wins face-off versus Ryan Nugent-Hopkins in Sharks zone.
5:07 of 2nd period - Snap shot by Brandon Dubinsky.
5:07 of 2nd period - Stopped by Keith Kinkaid with a rebound.
6:09 of 2nd period - Penalty to Luke Adam is over, Luke Adam is back on ice.
6:31 of 2nd period - Icing by Nick Palmieri.
6:32 of 2nd period - Ryan Getzlaf wins face-off versus Luke Adam in Sharks zone.
6:49 of 2nd period - Ryan Getzlaf is hit by Oskar Osala and loses puck.
7:11 of 2nd period - Icing by Marc-Édouard Vlasic.
7:12 of 2nd period - Ryan Nugent-Hopkins wins face-off versus T.J. Hensick in Capitals zone.
7:30 of 2nd period - Snap shot by Jason Pominville.
7:30 of 2nd period - Shot Hit the Post.
7:36 of 2nd period - Snap shot by Ryan Nugent-Hopkins.
7:36 of 2nd period - Stopped by Ryan Miller with a rebound.
7:38 of 2nd period - Wrist shot by Ryan Nugent-Hopkins.
7:38 of 2nd period - Goal by Ryan Nugent-Hopkins - Capitals : 2 - Sharks : 1.
7:39 of 2nd period - Derek Roy wins face-off versus Nick Palmieri in neutral zone.
7:50 of 2nd period - Wrist shot by Patrick Sharp.
7:50 of 2nd period - Stopped by Ryan Miller with a rebound.
8:31 of 2nd period - Luke Adam is hit by Mikko Koivu and loses puck.
8:38 of 2nd period - Joe Pavelski is hit by Karl Alzner and loses puck.
9:17 of 2nd period - Zach Boychuk is hit by T.J. Oshie and loses puck.
9:25 of 2nd period - Minor Penalty to Zach Boychuk for Roughing.
9:26 of 2nd period - Jason Spezza wins face-off versus Ryan Nugent-Hopkins in Sharks zone.
9:30 of 2nd period - Backhand shot by Nick Palmieri.
9:30 of 2nd period - Shot Misses the Net.
9:48 of 2nd period - Icing by T.J. Oshie.
9:49 of 2nd period - Nick Palmieri wins face-off versus Ryan Nugent-Hopkins in Capitals zone.
10:26 of 2nd period - Slapshot by Derek Roy.
10:26 of 2nd period - Stopped by Ryan Miller without a rebound.
10:27 of 2nd period - Jason Spezza wins face-off versus Derek Roy in Sharks zone.
10:35 of 2nd period - Off-side.
10:36 of 2nd period - Jamie Benn wins face-off versus Jason Spezza in neutral zone.
11:19 of 2nd period - Snap shot by Derek Roy.
11:19 of 2nd period - Shot Blocked by Tyler Cuma.
11:25 of 2nd period - Penalty to Zach Boychuk is over, Zach Boychuk is back on ice.
11:25 of 2nd period - Snap shot by Derek Roy.
11:25 of 2nd period - Shot Misses the Net.
11:41 of 2nd period - Slapshot by Derek Roy.
11:41 of 2nd period - Stopped by Ryan Miller without a rebound.
11:42 of 2nd period - Dustin Brown wins face-off versus Luke Adam in Sharks zone.
11:45 of 2nd period - Snap shot by Ryan Getzlaf.
11:45 of 2nd period - Stopped by Ryan Miller with a rebound.
11:50 of 2nd period - Off-side.
11:51 of 2nd period - Luke Adam wins face-off versus Dustin Brown in neutral zone.
11:56 of 2nd period - Snap shot by Luke Adam.
11:56 of 2nd period - Shot Blocked by Ryan Getzlaf.
11:58 of 2nd period - Wrist shot by Bobby Butler.
11:58 of 2nd period - Shot Blocked by Mike Green.
12:00 of 2nd period - Slapshot by Drew Doughty.
12:00 of 2nd period - Stopped by Keith Kinkaid with a rebound.
12:02 of 2nd period - Backhand shot by Milan Michalek.
12:02 of 2nd period - Stopped by Keith Kinkaid with a rebound.
12:04 of 2nd period - Wrist shot by Bobby Butler.
12:04 of 2nd period - Deflect By Milan Michalek.
12:04 of 2nd period - Shot Blocked by Brent Burns.
12:04 of 2nd period - Puck is out of play.
12:05 of 2nd period - Jason Spezza wins face-off versus Mikko Koivu in Capitals zone.
12:06 of 2nd period - Snap shot by Drew Doughty.
12:06 of 2nd period - Deflect By Joe Pavelski.
12:06 of 2nd period - Stopped by Keith Kinkaid without a rebound.
12:07 of 2nd period - Jason Spezza wins face-off versus Mikko Koivu in Capitals zone.
12:13 of 2nd period - Minor Penalty to Mikko Koivu for Hooking.
12:14 of 2nd period - Mike Cammalleri wins face-off versus Ryan Getzlaf in Capitals zone.
12:16 of 2nd period - Snap shot by Nick Palmieri.
12:16 of 2nd period - Shot Misses the Net.
12:28 of 2nd period - Snap shot by Nick Palmieri.
12:28 of 2nd period - Stopped by Keith Kinkaid without a rebound.
12:29 of 2nd period - Jason Spezza wins face-off versus Ryan Getzlaf in Capitals zone.
14:11 of 2nd period - Icing by T.J. Hensick.
14:12 of 2nd period - T.J. Hensick wins face-off versus Ryan Nugent-Hopkins in Sharks zone.
14:13 of 2nd period - Penalty to Mikko Koivu is over, Mikko Koivu is back on ice.
14:17 of 2nd period - Ryan Nugent-Hopkins is hit by T.J. Hensick and loses puck.
14:54 of 2nd period - Backhand shot by Jason Pominville.
14:54 of 2nd period - Shot Misses the Net.
15:23 of 2nd period - Icing by Drew Doughty.
15:24 of 2nd period - Derek Roy wins face-off versus Jason Spezza in Sharks zone.
15:37 of 2nd period - Snap shot by Patrick Sharp.
15:37 of 2nd period - Stopped by Ryan Miller with a rebound.
15:39 of 2nd period - Slapshot by Duncan Keith.
15:39 of 2nd period - Deflect By Patrick Sharp.
15:39 of 2nd period - Shot Misses the Net.
15:39 of 2nd period - Puck is out of play.
15:40 of 2nd period - Ryan Nugent-Hopkins wins face-off versus T.J. Hensick in Sharks zone.
15:50 of 2nd period - Backhand shot by Brandon Dubinsky.
15:50 of 2nd period - Shot Blocked by Jason Pominville.
15:52 of 2nd period - Wrist shot by Oskar Osala.
15:52 of 2nd period - Deflect By T.J. Hensick.
15:52 of 2nd period - Shot Blocked by Mike Green.
15:52 of 2nd period - Puck is out of play.
15:53 of 2nd period - T.J. Hensick wins face-off versus Derek Roy in Capitals zone.
16:36 of 2nd period - Minor Penalty to Brayden McNabb for Hooking.
16:37 of 2nd period - Jason Spezza wins face-off versus Ryan Nugent-Hopkins in Sharks zone.
17:28 of 2nd period - Nick Palmieri is hit by Jason Pominville and loses puck.
17:45 of 2nd period - Slapshot by Karl Alzner.
17:45 of 2nd period - Stopped by Keith Kinkaid with a rebound.
18:01 of 2nd period - Drew Doughty is hit by Patrick Sharp and loses puck.
18:32 of 2nd period - Slapshot by Mikko Koivu.
18:32 of 2nd period - Stopped by Ryan Miller with a rebound.
18:34 of 2nd period - Wrist shot by Ryan Getzlaf.
18:34 of 2nd period - Deflect By Dustin Brown.
18:34 of 2nd period - Shot Misses the Net.
18:34 of 2nd period - Puck is out of play.
18:35 of 2nd period - Ryan Getzlaf wins face-off versus Mike Cammalleri in Sharks zone.
18:36 of 2nd period - Penalty to Brayden McNabb is over, Brayden McNabb is back on ice.
18:55 of 2nd period - Off-side.
18:56 of 2nd period - Derek Roy wins face-off versus Luke Adam in neutral zone.
19:01 of 2nd period - Wrist shot by Derek Roy.
19:01 of 2nd period - Deflect By T.J. Oshie.
19:01 of 2nd period - Shot Misses the Net.
19:01 of 2nd period - Puck is out of play.
19:02 of 2nd period - Luke Adam wins face-off versus Derek Roy in Sharks zone.
19:31 of 2nd period - Snap shot by Ryan Nugent-Hopkins.
19:31 of 2nd period - Stopped by Ryan Miller with a rebound.
Goals for this period are 1 for Capitals vs 0 for Sharks.
Shots for this period are 10 for Capitals vs 7 for Sharks.
3rd period
0:01 of 3rd period - Nick Palmieri wins face-off versus Derek Roy in neutral zone.
0:11 of 3rd period - Off-side.
0:12 of 3rd period - Jason Spezza wins face-off versus Derek Roy in neutral zone.
0:12 of 3rd period - Jason Spezza is hit by Brent Burns.
0:22 of 3rd period - Snap shot by Nick Palmieri.
0:22 of 3rd period - Stopped by Keith Kinkaid without a rebound.
0:23 of 3rd period - Derek Roy wins face-off versus Jason Spezza in Capitals zone.
0:23 of 3rd period - Derek Roy is hit by Nick Palmieri.
0:29 of 3rd period - Slapshot by Jason Spezza.
0:29 of 3rd period - Stopped by Keith Kinkaid with a rebound.
0:39 of 3rd period - Icing by PK Subban.
0:40 of 3rd period - Jason Spezza wins face-off versus Ryan Nugent-Hopkins in Sharks zone.
1:19 of 3rd period - Snap shot by Nick Palmieri.
1:19 of 3rd period - Shot Misses the Net.
1:21 of 3rd period - Slapshot by Drew Doughty.
1:21 of 3rd period - Deflect By Mike Green.
1:21 of 3rd period - Stopped by Keith Kinkaid without a rebound.
1:22 of 3rd period - T.J. Hensick wins face-off versus Derek Roy in Capitals zone.
1:27 of 3rd period - Snap shot by Oskar Osala.
1:27 of 3rd period - Stopped by Keith Kinkaid with a rebound.
1:29 of 3rd period - Backhand shot by Brandon Dubinsky.
1:29 of 3rd period - Shot Misses the Net.
1:31 of 3rd period - Snap shot by T.J. Hensick.
1:31 of 3rd period - Shot Blocked by Duncan Keith.
1:37 of 3rd period - Snap shot by Brandon Dubinsky.
1:37 of 3rd period - Stopped by Keith Kinkaid with a rebound.
1:43 of 3rd period - Minor Penalty to Derek Roy for Delaying the game.
1:44 of 3rd period - Jason Spezza wins face-off versus Ryan Getzlaf in Capitals zone.
3:43 of 3rd period - Penalty to Derek Roy is over, Derek Roy is back on ice.
4:45 of 3rd period - Tyler Cuma is hit by Derek Roy and loses puck.
5:17 of 3rd period - Minor Penalty to Jamie Benn for Tripping.
5:18 of 3rd period - Jason Spezza wins face-off versus Ryan Getzlaf in Capitals zone.
7:17 of 3rd period - Penalty to Jamie Benn is over, Jamie Benn is back on ice.
7:30 of 3rd period - Icing by Ryan Nugent-Hopkins.
7:31 of 3rd period - Ryan Nugent-Hopkins wins face-off versus Milan Michalek in Capitals zone.
7:31 of 3rd period - Marc-Édouard Vlasic is hit by Andrej Sekera and loses puck.
7:38 of 3rd period - Snap shot by Milan Michalek.
7:38 of 3rd period - Shot Misses the Net.
7:40 of 3rd period - Snap shot by Bobby Butler.
7:40 of 3rd period - Stopped by Keith Kinkaid with a rebound.
7:42 of 3rd period - Slapshot by Andrej Sekera.
7:42 of 3rd period - Shot Hit the Post.
7:44 of 3rd period - Slapshot by Andrej Sekera.
7:44 of 3rd period - Stopped by Keith Kinkaid with a rebound.
7:53 of 3rd period - Off-side.
7:54 of 3rd period - Derek Roy wins face-off versus Brandon Dubinsky in neutral zone.
8:33 of 3rd period - Slapshot by Tyler Cuma.
8:33 of 3rd period - Stopped by Keith Kinkaid without a rebound.
8:34 of 3rd period - Ryan Nugent-Hopkins wins face-off versus Jason Spezza in Capitals zone.
9:01 of 3rd period - Tyler Cuma is hit by Dustin Brown.
9:13 of 3rd period - Snap shot by Dustin Brown.
9:13 of 3rd period - Shot Blocked by Tyler Cuma.
9:44 of 3rd period - Off-side.
9:45 of 3rd period - Ryan Nugent-Hopkins wins face-off versus Luke Adam in neutral zone.
10:00 of 3rd period - Slapshot by Ryan Nugent-Hopkins.
10:00 of 3rd period - Deflect By Luke Adam.
10:00 of 3rd period - Stopped by Ryan Miller without a rebound.
10:01 of 3rd period - T.J. Hensick wins face-off versus Derek Roy in Sharks zone.
10:06 of 3rd period - Snap shot by Oskar Osala.
10:06 of 3rd period - Stopped by Keith Kinkaid with a rebound.
10:19 of 3rd period - Icing by Drew Doughty.
10:20 of 3rd period - T.J. Hensick wins face-off versus Ryan Nugent-Hopkins in Sharks zone.
10:20 of 3rd period - T.J. Hensick is hit by Mike Green.
10:46 of 3rd period - PK Subban is hit by Mike Green and loses puck.
12:16 of 3rd period - Milan Michalek is hit by Ryan Getzlaf and loses puck.
12:25 of 3rd period - Snap shot by Ryan Getzlaf.
12:25 of 3rd period - Stopped by Ryan Miller without a rebound.
12:26 of 3rd period - Jason Spezza wins face-off versus Derek Roy in Sharks zone.
13:12 of 3rd period - Dustin Brown is hit by PK Subban and loses puck.
13:22 of 3rd period - Off-side.
13:23 of 3rd period - Jason Spezza wins face-off versus Derek Roy in neutral zone.
13:37 of 3rd period - Wrist shot by Nick Palmieri.
13:37 of 3rd period - Stopped by Keith Kinkaid with a rebound.
13:39 of 3rd period - Slapshot by Tyler Cuma.
13:39 of 3rd period - Stopped by Keith Kinkaid with a rebound.
14:24 of 3rd period - Duncan Keith is hit by Karl Alzner and loses puck.
14:51 of 3rd period - Mikko Koivu is hit by Mike Cammalleri and loses puck.
15:02 of 3rd period - Wrist shot by Clarke MacArthur.
15:02 of 3rd period - Stopped by Ryan Miller with a rebound.
15:04 of 3rd period - Wrist shot by Clarke MacArthur.
15:04 of 3rd period - Goal by Clarke MacArthur - Capitals : 3 - Sharks : 1.
15:05 of 3rd period - Derek Roy wins face-off versus Luke Adam in neutral zone.
15:36 of 3rd period - Wrist shot by Alexander Steen.
15:36 of 3rd period - Stopped by Ryan Miller with a rebound.
16:19 of 3rd period - Slapshot by T.J. Hensick.
16:19 of 3rd period - Shot Misses the Net.
16:53 of 3rd period - Snap shot by Ryan Suter.
16:53 of 3rd period - Stopped by Ryan Miller without a rebound.
16:54 of 3rd period - Mike Cammalleri wins face-off versus Ryan Getzlaf in Sharks zone.
17:07 of 3rd period - Slapshot by Mike Green.
17:07 of 3rd period - Stopped by Ryan Miller with a rebound.
17:09 of 3rd period - Wrist shot by Ryan Getzlaf.
17:09 of 3rd period - Shot Misses the Net.
17:49 of 3rd period - Slapshot by Drew Doughty.
17:49 of 3rd period - Shot Misses the Net.
17:51 of 3rd period - Backhand shot by Zach Boychuk.
17:51 of 3rd period - Shot Blocked by Jason Pominville.
18:07 of 3rd period - Snap shot by Patrick Sharp.
18:07 of 3rd period - Stopped by Ryan Miller without a rebound.
18:08 of 3rd period - Luke Adam wins face-off versus Ryan Getzlaf in Sharks zone.
18:17 of 3rd period - Snap shot by Brayden McNabb.
18:17 of 3rd period - Shot Misses the Net.
18:33 of 3rd period - Brayden McNabb is hit by Patrick Sharp and loses puck.
18:52 of 3rd period - Slapshot by Milan Michalek.
18:52 of 3rd period - Shot Blocked by Trevor Daley.
18:54 of 3rd period - Wrist shot by Luke Adam.
18:54 of 3rd period - Shot Blocked by Duncan Keith.
19:02 of 3rd period - Slapshot by Tyler Cuma.
19:02 of 3rd period - Stopped by Keith Kinkaid with a rebound.
19:04 of 3rd period - Snap shot by Karl Alzner.
19:04 of 3rd period - Shot Blocked by Derek Roy.
19:06 of 3rd period - Slapshot by Karl Alzner.
19:06 of 3rd period - Shot Misses the Net.
19:08 of 3rd period - Slapshot by Karl Alzner.
19:08 of 3rd period - Shot Blocked by Duncan Keith.
19:10 of 3rd period - Wrist shot by Bobby Butler.
19:10 of 3rd period - Deflect By Luke Adam.
19:10 of 3rd period - Shot Misses the Net.
19:10 of 3rd period - Puck is out of play.
19:11 of 3rd period - Mikko Koivu wins face-off versus Boone Jenner in Capitals zone.
19:38 of 3rd period - PK Subban is hit by Alexander Steen.
Goals for this period are 1 for Capitals vs 0 for Sharks.
Shots for this period are 8 for Capitals vs 12 for Sharks.